 Dungeon Crawl Stone Soup version 0.24-a0-246-gb963c9a (webtiles) character file.

Game seed: 17776452536557595610

922 shukka the Magician (level 8, -8/57 HPs)
             Began as a Gnoll Wizard on Apr 12, 2019.
             Was a Follower of Ashenzari.
             Killed by divine providence
             ... invoked by an orc priest
              (9 damage)
             ... on level 6 of the Dungeon.
             The game lasted 00:40:44 (6746 turns).

shukka the Magician (Gnoll Wizard)                  Turns: 6746, Time: 00:40:45

Health: -8/57      AC:  8    Str: 11    XL:     8   Next: 10%
Magic:  1/19       EV: 13    Int: 22    God:    Ashenzari [*.....]
Gold:   201        SH:  0    Dex: 13    Spells: 9/22 levels left

rFire    . . .     SeeInvis .   e - +6 dagger (venom)
rCold    . . .     Gourm    .   (no shield)
rNeg     . . .     Faith    .   k - +0 ring mail
rPois    .         Spirit   .   p - +1 helmet
rElec    .         Reflect  .   w - +0 cloak
rCorr    .         Harm     .   (no gloves)
MR       .....                  (no boots)
Stlth    ++........             (no amulet)
HPRegen  0.19/turn              (no ring)
MPRegen  0.16/turn              (no ring)

@: no status effects
A: distributed training, fangs 1, strong nose
a: Curse Item, Scrying, Renounce Religion


You were on level 6 of the Dungeon.
You worshipped Ashenzari.
Ashenzari was aware of your devotion.
You were not hungry.

You visited 2 branches of the dungeon, and saw 8 of its levels.

You collected 201 gold pieces.

Inventory:

Hand Weapons
 b - a +2 whip of flaming
 e - a +6 dagger of venom (weapon)
 h - a +0 hunting sling
 r - a +0 trident
Missiles
 q - 199 stones
 s - 6 tomahawks (quivered)
 v - a throwing net
 y - 14 arrows
Armour
 k - a +0 ring mail (worn)
 p - a +1 helmet (worn)
 w - a +0 cloak (worn)
Scrolls
 a - a scroll of enchant weapon
 f - 3 scrolls of fear
 t - a scroll of enchant armour
 u - a scroll of amnesia
 z - a scroll of noise {unknown}
Potions
 g - a potion of haste
 i - a potion of lignification
 j - 2 potions of magic
 l - a potion of ambrosia {unknown}
 m - a potion of berserk rage {unknown}
 n - 2 potions of curing
 o - a potion of agility {unknown}
 x - a potion of invisibility {unknown}
Comestibles
 d - 10 rations


   Skills:
 + Level 2.9 Fighting
 + Level 2.9 Short Blades
 + Level 2.9 Long Blades
 + Level 2.9 Axes
 + Level 2.9 Maces & Flails
 + Level 2.9 Polearms
 + Level 2.9 Staves
 + Level 2.9 Slings
 + Level 2.9 Bows
 + Level 2.9 Crossbows
 + Level 2.9 Throwing
 + Level 2.9 Armour
 + Level 5.4 Dodging
 + Level 5.1 Stealth
 + Level 2.9 Shields
 + Level 2.9 Unarmed Combat
 + Level 7.7 Spellcasting
 + Level 3.2 Conjurations
 + Level 2.3 Hexes
 + Level 2.3 Charms
 + Level 3.2 Summonings
 + Level 2.3 Necromancy
 + Level 3.2 Translocations
 + Level 2.3 Transmutations
 + Level 2.3 Fire Magic
 + Level 2.3 Ice Magic
 + Level 2.3 Air Magic
 + Level 2.3 Earth Magic
 + Level 2.3 Poison Magic
 + Level 3.2 Invocations
 + Level 2.9 Evocations


You had 9 spell levels left.
You knew the following spells:

 Your Spells              Type           Power        Failure   Level  Hunger
a - Magic Dart            Conj           ###.         4%          1    None
b - Call Imp              Summ           ###.....     7%          2    None
c - Blink                 Tloc           N/A          7%          2    None
d - Conjure Flame         Conj/Fire      ###.....     17%         3    None
e - Mephitic Cloud        Conj/Pois/Air  ###.....     17%         3    None
f - Slow                  Hex            ###.....     10%         2    None

Your spell library contained the following spells:

 Spells                   Type           Power        Failure   Level  Hunger
 Corona                   Hex            ###....      7%          1    None
 Ensorcelled Hibernation  Hex/Ice        ###...       10%         2    None
 Dazzling Spray           Conj/Hex       ###...       17%         3    None
 Confuse                  Hex            ###.....     21%         3    None
 Tukima's Dance           Hex            ###.....     21%         3    None


Dungeon Overview and Level Annotations

Branches:
Dungeon (7/15)             Temple (1/1) D:4

Altars:
Ashenzari
Cheibriados
Dithmenos
Elyvilon
Fedhas
Kikubaaqudgha
Makhleb
Nemelex Xobeh
Okawaru
Qazlal
Ru
Trog
Vehumet
Wu Jian
Xom
Zin
The Shining One

Annotations:
D:6 Prince Ribbit


Innate Abilities, Weirdness & Mutations

Your experience applies equally to all skills.
You have very sharp teeth.
Your uncanny sense of smell can sniff out nearby items.


Message History

You hit the orc warrior.
The orc warrior is severely wounded.
Your white imp closely misses the orc warrior.
The orc warrior closely misses you.
You hit the orc warrior but do no damage.
The orc warrior is poisoned.
The orc warrior is severely wounded.
The orc priest calls down the wrath of Beogh upon you.
Pain shoots through your body!
* * * LOW HITPOINT WARNING * * *
Your white imp completely misses the orc warrior.
The orc warrior closely misses you.
You barely miss the orc warrior.
The orc warrior is almost dead.
Your white imp closely misses the orc warrior.
The orc warrior hits you from afar with a +0 trident!
* * * LOW HITPOINT WARNING * * *
The orc priest calls down the wrath of Beogh upon you.
Beogh smites you!
You die...

##.#.##.#.#
#.#.##.#.#
#...#..#)#
#####..#.[..#
#...........#
#...........#
#..)....o..##
#.......o..#
#.....@.5..#
#..........#
#..........#
#..........#
#..........#
#..........#
#..........#
#..........#
############


You could see an orc warrior, an orc priest and a friendly white imp.

Vanquished Creatures
  An orc warrior (D:6)
  A sky beast (D:6)
  An ogre (D:4)
  A centaur (D:5)
  A water moccasin skeleton (D:4)
  A crimson imp (D:4)
  A bullfrog zombie (D:5)
  3 orc wizards
  4 worker ants
  A hound skeleton (D:4)
  2 adders
  2 shadow imps (D:5)
  A dart slug (D:1)
  2 leopard geckos
  7 orcs
  A giant cockroach (D:1)
  11 goblins
  4 hobgoblins
  2 jackals (D:3)
  4 kobolds
  A quokka (D:4)
  2 bats
  4 frilled lizards
  6 rats
64 creatures vanquished.

Vanquished Creatures (collateral kills)
  A bullfrog (D:4)
  A crimson imp (D:5)
  2 hounds (D:4)
  2 orc priests
  Crazy Yiuf (D:4)
  Jessica (D:2)
  2 orc wizards
  A worker ant (D:4)
  A hound skeleton (D:4)
  Robin (D:3)
  4 adders
  A dart slug (D:3)
  14 orcs
  2 bats
  A giant cockroach (D:2)
  10 goblins
  5 hobgoblins
  5 jackals (D:3)
  A quokka (D:4)
  A jackal skeleton (D:6)
  2 kobolds (D:3)
  A rat (D:3)
60 creatures vanquished.

Grand Total: 124 creatures vanquished

Notes
Turn   | Place    | Note
-------+----------+-------------------------------------------
     0 | D:1      | shukka the Gnoll Wizard began the quest for the Orb.
     0 | D:1      | Reached XP level 1. HP: 13/13 MP: 8/8
     4 | D:1      | Noticed an electric eel
     4 | D:1      | Noticed an electric eel
   156 | D:1      | Reached XP level 2. HP: 19/19 MP: 6/10
   160 | D:1      | Learned a level 2 spell: Call Imp
   163 | D:1      | Learned a level 2 spell: Blink
  1197 | D:2      | Reached XP level 3. HP: 22/25 MP: 4/11
  1335 | D:2      | Found a burning altar of Makhleb.
  1336 | D:2      | Found a radiant altar of Vehumet.
  1486 | D:2      | Found a stormy altar of Qazlal.
  1760 | D:2      | Noticed Jessica
  1771 | D:2      | Killed Jessica
  1771 | D:2      | Reached skill level 1 in Invocations
  1794 | D:2      | Found an ancient bone altar of Kikubaaqudgha.
  1796 | D:2      | Found a bloodstained altar of Trog.
  1797 | D:2      | Found an ornate altar of the Wu Jian Council.
  1797 | D:2      | Found a snail-covered altar of Cheibriados.
  1801 | D:2      | Found a shadowy altar of Dithmenos.
  2136 | D:3      | Reached skill level 1 in Fighting
  2136 | D:3      | Reached skill level 1 in Short Blades
  2136 | D:3      | Reached skill level 1 in Long Blades
  2136 | D:3      | Reached skill level 1 in Axes
  2136 | D:3      | Reached skill level 1 in Maces & Flails
  2136 | D:3      | Reached skill level 1 in Polearms
  2136 | D:3      | Reached skill level 1 in Staves
  2136 | D:3      | Reached skill level 1 in Slings
  2136 | D:3      | Reached skill level 1 in Bows
  2136 | D:3      | Reached skill level 1 in Crossbows
  2136 | D:3      | Reached skill level 1 in Throwing
  2136 | D:3      | Reached skill level 1 in Armour
  2136 | D:3      | Reached skill level 1 in Shields
  2136 | D:3      | Reached skill level 1 in Unarmed Combat
  2136 | D:3      | Reached skill level 1 in Evocations
  2148 | D:3      | Reached XP level 4. HP: 27/32 MP: 5/13
  2178 | D:3      | Found a blossoming altar of Fedhas.
  2183 | D:3      | Found a stormy altar of Qazlal.
  3110 | D:3      | Reached skill level 1 in Hexes
  3110 | D:3      | Reached skill level 1 in Charms
  3110 | D:3      | Reached skill level 1 in Necromancy
  3110 | D:3      | Reached skill level 1 in Transmutations
  3110 | D:3      | Reached skill level 1 in Fire Magic
  3110 | D:3      | Reached skill level 1 in Ice Magic
  3110 | D:3      | Reached skill level 1 in Air Magic
  3110 | D:3      | Reached skill level 1 in Earth Magic
  3110 | D:3      | Reached skill level 1 in Poison Magic
  3129 | D:3      | Noticed Robin
  3148 | D:3      | Killed Robin
  3813 | D:3      | Reached XP level 5. HP: 37/37 MP: 6/14
  3822 | D:3      | Learned a level 3 spell: Conjure Flame
  3826 | D:3      | Learned a level 3 spell: Mephitic Cloud
  3829 | D:3      | Learned a level 2 spell: Slow
  3867 | D:4      | Found a staircase to the Ecumenical Temple.
  3876 | Temple   | Entered the Ecumenical Temple
  3908 | Temple   | Became a worshipper of Ashenzari the Shackled
  4048 | D:4      | Reached XP level 6. HP: 25/44 MP: 9/16
  4332 | D:4      | Reached skill level 5 in Dodging
  4391 | D:4      | Found a runed translucent door.
  4392 | D:4      | Noticed Crazy Yiuf
  4417 | D:4      | Killed Crazy Yiuf
  4849 | D:4      | Reached XP level 7. HP: 50/50 MP: 14/18
  5065 | D:5      | Entered Level 5 of the Dungeon
  5674 | D:5      | Reached skill level 5 in Stealth
  5833 | D:5      | Upgraded the game from 0.24-a0-244-ga6a6ab7 to
                  | 0.24-a0-246-gb963c9a
  5837 | D:6      | Noticed Prince Ribbit
  6258 | D:6      | Reached * piety under Ashenzari
  6286 | D:6      | Found a shattered altar of Ashenzari.
  6449 | D:6      | Reached XP level 8. HP: 34/57 MP: 11/19
  6746 | D:6      | HP: 1/57 [orc warrior/+0 trident (15)]
  6746 | D:6      | Killed from afar by an orc priest

Levels and vault maps discovered:
D:1:      arrival_aquarium_b, layout_basic
D:2:      layout_loops_corners, chequers_temple_overflow_statue_of_worship,
          grunt_temple_overflow_open, grunt_qazlal_sundering, uniq_jessica
D:3:      kennysheep_goblin_castle, layout_basic,
          grunt_temple_overflow_forces_of_nature, first_ration
D:4:      layout_basic, minmay_temple_entry_statues_pillars,
          uniq_crazy_yiuf_cottage
D:5:      layout_rooms
D:6:      layout_basic, minmay_overflow_temple_star_quad,
          cheibrodos_ashenzari_chains, uniq_prince_ribbit1, uniq_blork_the_orc
D:7:      layout_layer_cave
Temple:   jpeg_temple_alley_garden

Skill      XL: |  1  2  3  4  5  6  7 |
---------------+----------------------+-----
Conjurations   | 2 3 |  3.2
Summonings     | 2 3 |  3.2
Translocations | 2 3 |  3.2
Invocations    | 1 2 3 |  3.2
Fighting       | 1 2 |  2.9
Short Blades   | 1 2 |  2.9
Long Blades    | 1 2 |  2.9
Axes           | 1 2 |  2.9
Maces & Flails | 1 2 |  2.9
Polearms       | 1 2 |  2.9
Staves         | 1 2 |  2.9
Slings         | 1 2 |  2.9
Bows           | 1 2 |  2.9
Crossbows      | 1 2 |  2.9
Throwing       | 1 2 |  2.9
Armour         | 1 2 |  2.9
Shields        | 1 2 |  2.9
Unarmed Combat | 1 2 |  2.9
Evocations     | 1 2 |  2.9
Hexes          | 1 2 |  2.3
Charms         | 1 2 |  2.3
Necromancy     | 1 2 |  2.3
Transmutations | 1 2 |  2.3
Fire Magic     | 1 2 |  2.3
Ice Magic      | 1 2 |  2.3
Air Magic      | 1 2 |  2.3
Earth Magic    | 1 2 |  2.3
Poison Magic   | 1 2 |  2.3
Dodging        | 5 |  5.4
Stealth        | 5 |  5.1
Spellcasting   | |  7.7

Action                   |  1- 3 |  4- 6 |  7- 9 || total
-------------------------+-------+-------+-------++-------
Melee: Mace              |    10 |       |       ||    10
       Bite              |     1 |     2 |     6 ||     9
       War axe           |       |    10 |       ||    10
       Dagger            |       |    14 |    69 ||    83
       Trident           |       |    15 |     8 ||    23
       Whip              |       |       |    11 ||    11
       Punch             |       |       |     2 ||     2
Throw: Tomahawk          |       |     4 |       ||     4
 Cast: Magic Dart        |    41 |    38 |     7 ||    86
       Call Imp          |    23 |    44 |    50 ||   117
       Conjure Flame     |       |     1 |       ||     1
       Mephitic Cloud    |       |       |     1 ||     1
  Use: Scroll            |       |     5 |     5 ||    10
 Stab: Distracted        |       |     1 |     2 ||     3
  Eat: Chunk             |     3 |     9 |     2 ||    14
       Ration            |       |       |     1 ||     1
Armor: Robe              |     3 |       |       ||     3
       Ring mail         |       |    15 |    28 ||    43
Dodge: Dodged            |     9 |    33 |    40 ||    82

Table legend:
 A = Non-vault XP
 B = Vault XP
 C = Vault XP percentage of total XP
 D = Non-vault monster count
 E = Vault monster count
 F = Vault count percentage of total count
                 A         B        C        D         E       F
            +---------+---------+-------+---------+---------+-------
      Total |    1234 |      84 |   6.4 |     101 |      23 |  18.5
            +---------+---------+-------+---------+---------+-------
        D:1 |      33 |       0 |   0.0 |      20 |       0 |   0.0
        D:2 |      21 |      19 |  47.5 |      11 |       1 |   8.3
        D:3 |      60 |      36 |  37.5 |      16 |      21 |  56.8
        D:4 |     495 |      29 |   5.5 |      30 |       1 |   3.2
        D:5 |     314 |       0 |   0.0 |      15 |       0 |   0.0
        D:6 |     311 |       0 |   0.0 |       9 |       0 |   0.0
            +---------+---------+-------+---------+---------+-------
